 Dungeon Crawl Stone Soup version 0.31-a0-229-g1fc7ce9 (webtiles) character file.

Game seed: 8127053050993679746

93 Dawnplanks the Gusty (level 4, -1/24 HPs)
             Began as a Tengu Air Elementalist on July 6, 2023.
             Killed from afar by an orc wizard (3 damage)
             ... with a magic dart
             ... on level 4 of the Dungeon.
             The game lasted 00:03:55 (3807 turns).

Dawnplanks the Gusty (Tengu Air Elementalist)       Turns: 3807, Time: 00:03:57

Health: -1/24      AC:  3    Str:  8    XL:     4   Next: 61%
Magic:  6/9        EV: 12    Int: 18    God:
Gold:   102        SH:  0    Dex: 14    Spells: 7/8 levels left

rFire   . . .        (no weapon)
rCold   . . .        (no shield)
rNeg    . . .        a - +0 robe
rPois   .            (helmet restricted)
rElec   .            (no cloak)
rCorr   .            g - +0 pair of gloves
SInv    .            (boots unavailable)
Will    .....        (no amulet)
Stlth   ++           (no ring)
HPRegen 0.24/turn    (no ring)
MPRegen 0.11/turn

%: no passive effects
@: no status effects
A: beak, talons 3
a: no special abilities


You were on level 4 of the Dungeon.
You visited 1 branch of the dungeon, and saw 4 of its levels.

You collected 102 gold pieces.

Inventory:

Armour
 a - a +0 robe (worn)
 g - a +0 pair of gloves (worn)
Jewellery
 i - an amulet of faith
Wands
 o - a wand of paralysis (9)
Scrolls
 d - 7 scrolls of identify {unknown}
 h - a scroll of amnesia {unknown}
 k - a scroll of vulnerability {unknown}
 l - a scroll of blinking {unknown}
 m - a scroll of summoning {unknown}
Potions
 b - a potion of magic
 c - 2 potions of enlightenment {unknown}
 e - a potion of brilliance {unknown}
 f - a potion of curing {unknown}
 j - a potion of invisibility {unknown}
 n - a potion of mutation {unknown}


   Skills:
 + Level 2.3 Dodging
 + Level 2.4 Stealth
 + Level 2.7 Spellcasting
 + Level 2.9 Conjurations
 + Level 5.3 Air Magic


You had 7 spell levels left.
You knew the following spells:

 Your Spells              Type           Power      Damage    Failure   Level
a - Shock                 Conj/Air       68%        1d7       3%          1

Your spell library contained the following spells:

 Spells                   Type           Power      Damage    Failure   Level
 Static Discharge         Conj/Air       34%        2-4/arc   4%          2
 Swiftness                Air            21%        N/A       5%          3
 Airstrike                Air            10%        2d(2-18)  19%         4


Dungeon Overview and Level Annotations

Branches:
Dungeon (4/15)
 Temple: D:4-7

Altars:
The Shining One


Innate Abilities, Weirdness & Mutations

You have a beak for a mouth.
You have claws for feet.


Message History

The hobgoblin is severely wounded.
An orc wizard comes into view. It is wielding a +0 dagger.
The zap hits the hobgoblin but does no damage.
The hobgoblin is severely wounded.
The orc wizard casts a spell.
The orc wizard flickers and vanishes!
Deactivating autopickup; reactivate with Ctrl-A.
The zap hits the hobgoblin.
You kill the hobgoblin!
The zap hits the orc!
You kill the orc!
A puff of flame appears from out of thin air!
The puff of flame hits you!
You see here a +0 dagger.
Unknown command.
You are confused.
You're too confused to move!
A magic dart appears from out of thin air!
The magic dart hits you!
You bump into the rock wall.
You bump into the rock wall.
You miss something. You claw something. Your peck misses something.
You feel less confused. Something hits you but does no damage.
You hit something but do no damage. Your kick misses something.
Something hits you.
You miss something. Something hits you.
You closely miss something.
You hear some strange, mumbled words.
A puff of flame appears from out of thin air!
The puff of flame hits you!
* * * LOW HITPOINT WARNING * * *
An orc comes into view. It is wielding a +0 hand axe.
Aiming: Paralyse
Press: ? - help, Shift-Dir - straight line Nothing appears to happen.
The orc shouts!
You hear some strange, mumbled words.
A magic dart appears from out of thin air!
The magic dart hits you.
You die...

#) #.. .# #.) #.#
#..########## #.#
#..†........ #.# #....#...#
#.# #.#$.#...# #.#
#.#..o...#####.#####..
#...........@{........
###.##....####.#####.
#.##....# #.# #.#####.##
#.# #.# #.###
#..###.#####.# #.).#
##..#.{....#.# #...#
##.#......#.#
#...#####........#.#
#...............##.########


You could see an orc.

Vanquished Creatures
  An adder (D:2)
  3 worms
  2 dart slugs
  2 orcs (D:4)
  7 endoplasms
  3 giant cockroaches
  3 goblins
  6 hobgoblins
  3 jackals (D:2)
  8 quokkas
  9 ball pythons
  6 bats
  A frilled lizard (D:1)
  7 kobolds
  A rat (D:1)
62 creatures vanquished.

Notes
Turn   | Place    | Note
-------+----------+-------------------------------------------
     0 | D:1      | Dawnplanks the Tengu Air Elementalist began the quest for
                  | the Orb.
     0 | D:1      | Reached XP level 1. HP: 10/10 MP: 4/4
   174 | D:1      | Found a faded altar of an unknown god.
   203 | D:1      | Reached XP level 2. HP: 15/15 MP: 3/6
   659 | D:1      | Reached XP level 3. HP: 19/19 MP: 3/7
  1173 | D:2      | Reached skill level 5 in Air Magic
  2201 | D:2      | Reached XP level 4. HP: 24/24 MP: 4/8
  3081 | D:3      | Found a glowing golden altar of the Shining One.
  3807 | D:4      | Killed from afar by an orc wizard

Illustrated notes

Levels and vault maps discovered:
D:1:      minmay_arrival_semitransparent, layout_basic,
          ebering_ecumenical_altar_hall
D:2:      layout_basic
D:3:      layout_loops_corners, mainiacjoe_overflow_small_starburst
D:4:      layout_basic, mainiacjoe_overflow_surrounded_room, minmay_distorted,
          uniq_duvessa, uniq_eustachio

Skill      XL: |  1  2  3 |
---------------+----------+-----
Air Magic      | 5 |  5.3
Conjurations   | 2 |  2.9
Dodging        | |  2.3
Stealth        | |  2.4
Spellcasting   | |  2.7

Action                     |  1- 3 |  4- 6 || total
---------------------------+-------+-------++-------
  Melee: Unarmed           |     2 |     4 ||     6
         Kick              |     1 |     1 ||     2
   Cast: Shock             |    97 |    50 ||   147
  Evoke: Wand              |       |     1 ||     1
 Armour: Robe              |     3 |     2 ||     5
  Dodge: Dodged            |    13 |     5 ||    18

Table legend: (Time is in decaauts)
 A = Elapsed time spent in this place.
 B = Non-inter-level travel time spent in this place.
 C = Inter-level travel time spent in this place.
 D = Time resting spent in this place.
 E = Time spent auto-exploring this place.
 F = Levels seen in this place.
 G = Mean time per level.
                   A        B        C        D        E       F      G
               +--------+--------+--------+--------+--------+-----+--------+
         Total |   3806 |   3733 |     73 |      0 |   3414 |   4 |  951.5 |
       Dungeon |   3806 |   3733 |     73 |      0 |   3414 |   4 |  951.5 |
               +--------+--------+--------+--------+--------+-----+--------+

Top non-repeatable levels by time:
     D:2: 1458 daAuts
     D:1: 1171 daAuts
     D:3: 948 daAuts
     D:4: 227 daAuts
